AoeStats
← dedekindcut

MegaRandom

504390899Analyzed
3v3 RM · 28d ago on Sep 5, 2026· 47m 13s· 6 players
Game mode
Random Map
Map size
Normal (6 player)
Population
200
Speed
Normal
Resources
Standard
Victory
Conquest
Starting age
Dark Age
Ending age
Imperial Age
RankedLock teamsTeams togetherTeam positionsShared explorationLock speedFull tech treeHidden civsTurbo modeCheats
Victory
Defeat
🇺🇸 Franks · United States
775
+19
🇺🇸 Spanish · United States
705
+22
🇨🇱 Mongols · Chile
639
+25
🇺🇸 Spanish · United States
838
-66
🇺🇸 Britons · United States
838
-66
🇺🇸 Vietnamese · United States
838
-66
mosesdretg
6:40 Loom
10:39 Feudal Age
16:14 Castle Age
16:42 Double-Bit Axe
20:24 Wheelbarrow
23:09 Bow Saw
26:05 Hand Cart
33:58 Imperial Age
31:37 Scale Barding Armor
32:50 Chain Barding Armor
33:54 Fletching
34:14 Cavalier
34:56 Husbandry
35:55 Plate Barding Armor
34:56 Elite Skirmisher
37:00 Chemistry
36:01 Bodkin Arrow
36:07 Padded Archer Armor
37:16 Gold Mining
39:09 Paladin
42:38 Leather Archer Armor
44:40 Chivalry
Churchbroom
0:42 Loom
12:44 Feudal Age
21:51 Castle Age
19:50 Double-Bit Axe
19:47 Horse Collar
22:00 Scale Barding Armor
22:05 Forging
21:51 Fletching
22:02 Padded Archer Armor
24:08 Stone Mining
24:38 Husbandry
24:50 Bloodlines
24:03 Light Cavalry
29:25 Gold Mining
29:49 Bodkin Arrow
30:32 Iron Casting
33:05 Wheelbarrow
37:25 Imperial Age
36:08 Hand Cart
36:04 Heavy Plow
36:40 Bow Saw
36:59 Caravan
37:44 Leather Archer Armor
39:40 Conscription
38:43 Hussar
40:08 Ballistics
41:24 Elite Conquistador
44:05 Chemistry
45:23 Blast Furnace
44:44 Chain Barding Armor
FrankoDerz!
10:13 Feudal Age
21:30 Castle Age
28:39 Double-Bit Axe
33:17 Imperial Age
32:01 Padded Archer Armor
35:13 Drill
38:07 Wheelbarrow
37:17 Loom
37:18 Town Watch
40:57 Elite Steppe Lancer
44:17 Husbandry
44:47 Onager
badcompankcode1
9:40 Feudal Age
11:12 Wheelbarrow
10:50 Horse Collar
11:28 Double-Bit Axe
12:37 Man-at-Arms
16:00 Stone Mining
16:16 Loom
17:46 Arson
23:23 Gold Mining
28:20 Castle Age
29:23 Hand Cart
28:56 Town Watch
31:06 Gambesons
31:22 Squires
30:44 Pikeman
30:45 Long Swordsman
30:49 Crossbowman
30:50 Elite Skirmisher
33:04 Sanctity
33:54 Caravan
33:25 Light Cavalry
35:50 Coinage
38:07 Town Patrol
44:25 Imperial Age
dedekindcut
15:31 Feudal Age
18:52 Feudal Age
25:00 Double-Bit Axe
25:09 Stone Mining
25:09 Gold Mining
30:27 Castle Age
31:55 Wheelbarrow
34:58 Stone Shaft Mining
40:25 Forging
40:06 Fletching
40:17 Padded Archer Armor
40:28 Scale Barding Armor
41:59 Hand Cart
41:29 Loom
41:35 Town Watch
43:39 Iron Casting
42:59 Bodkin Arrow
43:20 Leather Archer Armor
43:25 Chain Barding Armor
46:18 Imperial Age
44:41 Heated Shot
44:34 Treadmill Crane
45:19 Ballistics
44:55 Guard Tower
45:05 Murder Holes
Nayum
8:53 Feudal Age
13:24 Double-Bit Axe
13:26 Horse Collar
16:50 Castle Age
17:08 Gold Mining
17:41 Bow Saw
20:10 Wheelbarrow
19:58 Pikeman
26:27 Heavy Plow
28:24 Hand Cart
31:04 Town Watch
33:14 Scale Barding Armor
33:04 Fletching
33:14 Padded Archer Armor
34:12 Town Patrol
35:47 Bodkin Arrow
36:07 Leather Archer Armor
36:13 Chain Barding Armor
37:16 Ballistics
39:12 Forging
40:08 Loom
43:13 Imperial Age
42:39 Caravan
45:23 Chemistry
45:04 Plate Barding Armor
44:29 Bracer
45:00 Ring Archer Armor
44:40 Elite Conquistador
Connection lost

Rejoining the realm…

Still unreachable

The connection could not be restored.

Session expired

The server has moved on; the page needs a fresh start.